Map: Dasan Station LE

Players

Nickos

  • Race: Terran Terran
  • League: Gold

Ryan - Winner!

  • Race: Terran Terran
  • League: Platinum

VOD

Have the link to the VOD?

Description

Time

  • Played on: Oct. 1, 2016, 6:55 a.m.
  • Length: 14:36
Show
View Real Time Build Order
Export as new Build Order

Nickos Terran 

Build Orders: Reaper Expand 

Get SALT Encoding   

  12  0:00  SCV  
  13  0:13  SCV  
  14  0:17  Supply Depot  
  14  0:25  SCV  
  15  0:39  SCV  
  15  0:41  Barracks  
  16  0:44  Refinery  
  16  0:51  SCV  
  17  1:03  SCV  
  18  1:17  SCV  
  19  1:27  Reaper  
  19  1:31  Command Center  
  20  1:41  Orbital Command  
  20  1:55  Barracks  
  20  2:06  Supply Depot  
  20  2:07  Barracks Reactor  
  20  2:14  SCV  
  20  2:23  Factory  
  20  2:29  Refinery  
  19  2:42  SCV  
  19  2:43  Bunker  
  20  2:47  Orbital Command  
  20  2:52  Barracks Tech Lab  
  20  2:55  SCV  
  20  2:57  Marine  
  22  3:01  Marine  
  22  3:11  Marine  
  19  3:33  Marine  
  18  3:49  Marine  
  15  4:03  SCV  
  15  4:11  SCV  
  15  4:15  SCV  
  17  4:20  Marine  
  17  4:23  SCV  
  19  4:25  Marine x2  
  19  4:28  SCV  
  22  4:32  Factory Reactor  
  22  4:35  SCV  
  23  4:38  Starport  
  23  4:40  SCV  
  24  4:49  SCV  
  24  4:52  SCV  
  26  4:57  Marine  
  26  4:58  Marine x2  
  29  5:01  SCV  
  29  5:04  SCV  
  31  5:13  SCV  
  31  5:15  Marine  
  31  5:16  SCV  
  31  5:31  Marine  
  31  5:32  Medivac x2  
  31  5:34  Marine x2  
  38  5:49  Marine  
  39  5:52  Marine x2  
  41  5:59  Factory Tech Lab  
  41  6:02  SCV  
  41  6:03  SCV  
  43  6:04  Engineering Bay  
  43  6:05  Engineering Bay  
  43  6:07  Stimpack, Marine  
  44  6:15  SCV  
  44  6:18  SCV  
  46  6:57  SCV  
  46  7:06  Liberator  
  46  7:16  Barracks  
  46  7:17  Barracks x3  
  46  7:23  Siege Tank, Marine x2  
  46  7:24  Supply Depot  
  46  7:26  Supply Depot  
  46  7:27  Supply Depot  
  54  7:42  Marine x3  
  54  7:43  SCV x2  
  59  7:44  Terran Infantry Weapons Level 1  
  59  7:45  Terran Infantry Armor Level 1  
  59  7:50  Supply Depot  
  59  7:52  Supply Depot  
  59  7:55  SCV x2  
  61  8:00  Marine  
  62  8:07  SCV  
  62  8:10  Marine x5  
  68  8:18  Marine  
  69  8:20  Liberator  
  69  8:27  Marine  
  69  8:28  Marine x4  
  74  8:36  Marine  
  78  8:45  Marine x2  
  78  8:46  Marine x3  
  83  8:53  Armory, SCV x2  
  83  8:54  Marine  
  86  9:03  Marine x3  
  86  9:04  Marine x2  
  86  9:05  SCV  
  91  9:11  Marine  
  92  9:21  Marine x3  
  79  9:34  Marine x2  
  79  9:35  Liberator  
  64  9:42  Marine  
  64  9:43  Marine  
  62  9:47  Marine x2  
  62  9:51  Marine  
  62  9:52  Marine  
  69  9:59  SCV x2  
  71  10:00  Marine  
  72  10:11  SCV  
  67  10:24  Marine x5  
  67  10:25  Marine  
  73  10:41  Marine  
  73  10:42  Marine x3  
  65  10:57  Marine x2  
  65  10:59  Marine x2  
  66  11:09  Marine x2  
  68  11:21  Marine x2  
  68  11:24  Command Center  
  60  11:53  Marine x2  
  60  11:54  Marine x4  
  50  12:11  Marine x3  
  50  12:12  Marine x3  
  50  12:29  Marine x4  
  43  12:30  Marine x2  
  43  12:42  SCV  
  44  12:47  Marine x5  
  44  12:48  Marine  
  50  12:54  SCV  
  49  13:02  Medivac x2  
  49  13:04  Siege Tank, Marine  
  49  13:05  Marine x5  
  60  13:06  SCV  
  60  13:10  Orbital Command  
  63  13:22  Marine x2  
  63  13:23  Marine x2  
  63  13:25  Command Center  
  67  13:32  Medivac  
  68  13:35  Marine  
  68  13:36  Marine  
  68  13:40  Marine  
  50  13:57  Marine x4  
  50  13:58  Marine x2  
  45  14:15  Marine x4  
  45  14:16  Marine x2  
Show
View Real Time Build Order
Export as new Build Order

Ryan Terran - Winner!

Build Orders: Reaper Expand 

Get SALT Encoding   

  12  0:01  SCV  
  13  0:13  Supply Depot  
  13  0:17  SCV  
  14  0:29  SCV  
  15  0:37  Barracks  
  15  0:41  Refinery  
  15  0:46  SCV  
  16  0:59  SCV  
  17  1:11  SCV  
  18  1:25  Reaper  
  19  1:38  Orbital Command  
  19  1:39  Command Center  
  19  2:03  Reaper  
  20  2:11  SCV  
  21  2:25  Factory  
  21  2:38  SCV  
  21  2:40  Refinery  
  22  2:50  SCV  
  22  2:51  Barracks, Supply Depot, Reaper  
  23  2:52  Barracks  
  25  3:00  Orbital Command  
  24  3:28  Reaper  
  24  3:30  SCV x2  
  25  4:00  Reaper  
  26  4:06  SCV  
  26  4:09  Barracks Tech Lab, Barracks Reactor, SCV  
  28  4:16  Factory Reactor  
  28  4:18  SCV  
  28  4:20  Starport  
  29  4:24  SCV  
  29  4:26  Refinery  
  29  4:28  Refinery  
  29  4:30  SCV  
  31  4:33  Engineering Bay x2  
  31  4:36  SCV, Stimpack  
  32  4:42  SCV  
  33  4:46  Barracks Reactor  
  33  4:48  SCV, Marine x2  
  33  4:49  Marine  
  37  4:54  SCV  
  38  5:00  SCV  
  38  5:03  Command Center  
  39  5:09  SCV  
  39  5:12  Terran Infantry Weapons Level 1, Terran Infantry Armor Level 1, SCV  
  41  5:21  SCV  
  40  5:39  SCV x2  
  42  5:51  SCV  
  42  5:52  Marine x3  
  42  5:53  Marine  
  42  5:56  Factory Tech Lab  
  46  5:58  Supply Depot  
  46  6:00  Supply Depot  
  46  6:02  Supply Depot x2  
  46  6:07  Armory  
  46  6:08  Armory  
  46  6:15  Medivac x2, SCV, Marauder, Marine x3  
  56  6:25  Marine  
  57  6:28  Siege Tank  
  57  6:32  Marine x2  
  60  6:33  Missile Turret  
  60  6:36  Marauder  
  60  6:39  Missile Turret  
  64  6:43  Marine  
  57  6:59  SCV x2  
  59  7:11  SCV, Marine x5  
  59  7:12  SCV  
  59  7:14  Viking  
  68  7:24  SCV x2  
  68  7:26  Missile Turret  
  72  7:30  Marauder  
  72  7:32  Refinery  
  72  7:33  Refinery, Orbital Command  
  72  7:36  Siege Tank, SCV x2  
  77  7:39  Marine x2  
  79  7:48  SCV  
  79  7:49  Missile Turret, SCV  
  81  7:53  Missile Turret  
  81  8:00  SCV  
  81  8:01  SCV  
  81  8:02  Marine x4  
  81  8:03  Marauder  
  81  8:04  Viking  
  81  8:05  Viking  
  93  8:25  SCV  
  84  8:29  Marine x3  
  87  8:40  SCV x2  
  89  8:43  Marine x2  
  89  8:47  Marine x2  
  89  8:48  Barracks  
  93  8:49  Barracks  
  93  8:50  Terran Infantry Weapons Level 2, Terran Infantry Armor Level 2  
  93  8:51  Barracks  
  93  8:53  Terran Vehicle Weapons Level 1, Terran Vehicle And Ship Armor Level 1  
  93  9:01  Supply Depot x2  
  93  9:09  Supply Depot  
  93  9:22  Medivac, SCV x2, Marine x3  
  93  9:23  Medivac, Supply Depot, Marauder  
  102  9:24  Supply Depot  
  79  9:40  Marine x4  
  79  9:44  Marine  
  84  9:52  Medivac  
  86  9:53  Medivac  
  86  9:58  Marine  
  89  10:07  Marine x3  
  81  10:17  Siege Tank  
  81  10:21  Marine x2  
  83  10:25  Barracks Tech Lab, Barracks Reactor x2, Marine  
  85  10:47  Terran Ship Weapons Level 1  
  85  10:49  Siege Tank  
  88  10:52  Marine x5  
  80  11:06  Marine x2  
  80  11:07  Marine x3  
  80  11:10  Marine x5  
  90  11:23  Siege Tank  
  90  11:24  Marine x4  
  90  11:25  Marine  
  95  11:35  Terran Infantry Weapons Level 3, Terran Infantry Armor Level 3  
  80  12:03  Orbital Command  
  78  12:26  Marine x3  
  78  12:27  Marine  
  72  13:03  Marine x2  
  72  13:04  Marine x2  
  76  13:07  SCV x2  
  76  13:08  SCV  
  76  13:09  Marine x3  
  76  13:11  Medivac  
  86  13:20  SCV x3  
  87  13:32  SCV x2  
  84  14:01  Marine x6  
  84  14:02  Marine x2  
  94  14:03  Marauder x2  
Tags
 
Add a new tag
Caveats
  • Supply blocks, unpowered buildings, or Contaminate may cause inaccurate times.
  • Supply counts are checked every 10 seconds.